 Dungeon Crawl Stone Soup version 0.30.0-17-ge0270778cf (webtiles) character file.

Game seed: 34014663671291912

71 zazu2006 the Magician (level 4, 0/36 HPs)
             Began as a Naga Hedge Wizard on May 21, 2023.
             Slain by an iguana (9 damage)
             ... on level 4 of the Dungeon.
             The game lasted 00:04:14 (3596 turns).

zazu2006 the Magician (Naga Hedge Wizard)           Turns: 3596, Time: 00:04:17

Health: 0/36       AC:  4    Str: 18    XL:     4   Next: 24%
Magic:  6/9        EV: 10    Int: 22    God:
Gold:   124        SH:  0    Dex: 11    Spells: 9/10 levels left

rFire   . . .        a - +0 dagger
rCold   . . .        (no shield)
rNeg    . . .        b - +0 robe
rPois   +            c - +0 hat
rElec   .            w - +1 cloak of Wonderful Joy {rCorr}
rCorr   +            (no gloves)
SInv    +            (no barding)
Will    .....        (no amulet)
Stlth   ++           s - +6 ring of intelligence
HPRegen 0.26/turn    n - +6 ring of strength
MPRegen 0.11/turn

%: no passive effects
@: short of breath, very slow
A: AC +1, large, see invisible, deformed body, poison resistance, slowness 2,
spit poison 1, naga tail 1
a: Spit Poison


You were on level 4 of the Dungeon.
You visited 1 branch of the dungeon, and saw 4 of its levels.

You collected 124 gold pieces.

Inventory:

Hand Weapons
 a - a +0 dagger (weapon)
Armour
 b - a +0 robe (worn)
 c - a +0 hat (worn)
 w - the +1 cloak of Wonderful Joy (worn) {rCorr}
   (You found it on level 3 of the Dungeon)

   rCorr:     It protects you from acid and corrosion.
Jewellery
 n - a +6 ring of strength (right hand)
 p - an amulet of guardian spirit
 s - a +6 ring of intelligence (left hand)
Scrolls
 f - a scroll of poison {unknown}
 j - a scroll of enchant armour {unknown}
 o - a scroll of blinking {unknown}
 q - a scroll of acquirement {unknown}
 r - a scroll of noise {unknown}
 u - a scroll of immolation {unknown}
 x - 2 scrolls of enchant weapon {unknown}
Potions
 d - 2 potions of magic
 e - 4 potions of heal wounds {unknown}
 g - a potion of degeneration {unknown}
 h - a potion of invisibility
 i - a potion of cancellation {unknown}
 k - 3 potions of curing {unknown}
 l - 2 potions of flight {unknown}
 m - a potion of lignification {unknown}
 t - a potion of berserk rage {unknown}
 v - a potion of haste {unknown}


   Skills:
 + Level 1.8 Dodging
 + Level 3.6 Stealth
 + Level 3.8 Spellcasting
 + Level 2.2 Conjurations
 + Level 1.0 Summonings
 + Level 1.0 Translocations


You had 9 spell levels left.
You knew the following spells:

 Your Spells              Type           Power      Damage    Failure   Level
a - Magic Dart            Conj           56%        1d5       4%          1

Your spell library contained the following spells:

 Spells                   Type           Power      Damage    Failure   Level
 Foxfire                  Conj/Fire      36%        2x1d5     7%          1
 Slow                     Hex            16%        N/A       12%         1
 Blink                    Tloc           16%        N/A       12%         2
 Call Imp                 Summ           16%        N/A       12%         2
 Cigotuvi's Dreadful Rot  Necr/Pois/Air  8%         N/A       17%         2
 Mephitic Cloud           Conj/Pois/Air  7%         N/A       26%         3
 Iskenderun's Battlesphe  Conj           14%        2d7       77%         5
 Fireball                 Conj/Fire      4%         3d4       89%         5
 Iron Shot                Conj/Erth      4%         9d2       100%        6
 Plasma Beam              Fire/Air       2%         2x1d13    100%        6
 Starburst                Conj/Fire      4%         6d4       100%        6
 Spellforged Servitor     Conj/Summ      5%         N/A       100%        7


Dungeon Overview and Level Annotations

Branches:
Dungeon (4/15)
 Temple: D:4-7

Altars:


Innate Abilities, Weirdness & Mutations

Your serpentine skin is tough. (AC +1)
You have supernaturally acute eyesight. (SInv)
Armour fits poorly on your strangely shaped body.
Your system is resistant to poisons. (rPois)
You cover ground very slowly.
You can spit poison.
You have a snake-like lower body.


Message History

Casting: Magic Dart (safe; 4% risk of failure)
Confirm with . or Enter, or press ? or * to list all spells.
Aiming: Magic Dart (safe; 4% risk of failure)
Press: ? - help, Shift-Dir - straight line, f/p - iguana
Aim: an iguana (moderately wounded, 100% to hit)
The magic dart hits the iguana.
The iguana is heavily wounded.
The iguana bites you!
Casting: Magic Dart (safe; 4% risk of failure)
Confirm with . or Enter, or press ? or * to list all spells.
Aiming: Magic Dart (safe; 4% risk of failure)
Press: ? - help, Shift-Dir - straight line, f/p - iguana
Aim: an iguana (heavily wounded, 100% to hit)
The magic dart hits the iguana but does no damage.
The iguana is heavily wounded.
You have got your breath back.
The iguana bites you.
Aiming: Spit Poison (1% risk of failure)
Press: ? - help, Shift-Dir - straight line, f/p - iguana
Aim: an iguana (heavily wounded, 65% to hit)
The splash of poison misses the iguana.
The iguana barely misses you.
Unknown command.
The iguana bites you. The iguana attacks as you move away!
The iguana bites you.
* * * LOW HITPOINT WARNING * * *
You have got your breath back.
The iguana barely misses you.
Aiming: Spit Poison (1% risk of failure)
Press: ? - help, Shift-Dir - straight line, f/p - iguana
Aim: an iguana (heavily wounded, 65% to hit)
The splash of poison misses the iguana.
The iguana closely misses you.
Casting: Magic Dart (safe; 4% risk of failure)
Confirm with . or Enter, or press ? or * to list all spells.
Aiming: Magic Dart (safe; 4% risk of failure)
Press: ? - help, Shift-Dir - straight line, f/p - iguana
Aim: an iguana (heavily wounded, 100% to hit)
The magic dart hits the iguana.
The iguana is severely wounded.
The iguana bites you!
You die...

...#.# #.#
####.######## #.#
<#........... #.#
.#.#.#######.#.#.#
.#.#.......# #.#.#
.#.#######.# #.#.#
##.........#.#.#.#
######......#.#l#
#.######.#@# #.#
#.#.######
#.######..........
#..........#######
############


You could see an iguana.

Vanquished Creatures
  2 worms (D:2)
  3 dart slugs (D:1)
  An orc (D:3)
  7 ball pythons
  4 endoplasms
  4 giant cockroaches
  4 goblins
  8 hobgoblins
  5 bats
  3 frilled lizards
  5 kobolds
  7 rats
53 creatures vanquished.

Notes
Turn   | Place    | Note
-------+----------+-------------------------------------------
     0 | D:1      | zazu2006 the Naga Hedge Wizard began the quest for the Orb.
     0 | D:1      | Reached XP level 1. HP: 15/15 MP: 4/4
   165 | D:1      | Reached XP level 2. HP: 22/22 MP: 1/6
   694 | D:1      | Reached XP level 3. HP: 28/28 MP: 0/8
  2283 | D:2      | Reached XP level 4. HP: 36/36 MP: 5/9
  2922 | D:3      | Identified the +1 cloak of Wonderful Joy {rCorr}
  3307 | D:3      | Found a faded altar of an unknown god.
  3596 | D:4      | Slain by an iguana

Illustrated notes

Levels and vault maps discovered:
D:1:      sevenhm_arrival_forest_fort_small_5, layout_basic,
          nrook_mini_backslash, minmay_crystal_room, minmay_close_crescents
D:2:      layout_basic, eino_tiny_chamber
D:3:      layout_basic, hellmonk_ecumenical_altar_crossroads
D:4:      layout_basic, amcnicky_altar_gilded

Skill      XL: |  1  2  3 |
---------------+----------+-----
Conjurations   | 2 |  2.2
Dodging        | |  1.8
Stealth        | |  3.6
Spellcasting   | |  3.8
Summonings     | |  1.0
Translocations | |  1.0

Action                     |  1- 3 |  4- 6 || total
---------------------------+-------+-------++-------
  Melee: Dagger            |    15 |       ||    15
   Cast: Magic Dart        |    88 |    26 ||   114
Ability: Spit Poison       |    21 |     4 ||    25
 Armour: Robe              |    16 |     2 ||    18
  Dodge: Dodged            |    28 |     4 ||    32
